 Dungeon Crawl Stone Soup version 0.24-a0-347-g1a3e1d35ff (webtiles) character file.

Game seed: 1933196116946909915

750711 MisterFreud the Hoplite (level 27, -3/234 HPs)
             Began as an Octopode Transmuter on May 20, 2019.
             Was the Champion of Cheibriados.
             Slain by Antaeus (8 damage)
             ... on level 7 of Cocytus on May 22, 2019.
             The game lasted 05:30:38 (62100 turns).

MisterFreud the Hoplite (Octopode Transmuter)      Turns: 62100, Time: 05:30:39

Health: -3/234     AC: 34    Str: 25    XL:     27
Magic:  17/43      EV: 34    Int: 54    God:    Cheibriados [******]
Gold:   4779       SH: 32    Dex: 30    Spells: 15/58 levels left

rFire    + + +     SeeInvis +     - Unarmed
rCold    + + +     Gourm    .   i - +2 large shield
rNeg     + + +     Faith    .   (helmet restricted)
rPois    ∞         Spirit   .   F - +3 amulet of reflection
rElec    +         Reflect  +   a - ring of protection from magic
rCorr    .         Harm     .   T - ring of see invisible
MR       +++..                  u - ring "Umuimicw" {Wiz rN+++ Str+2 Stlth+}
Stlth    +++++.....             A - ring "Fecaa" {rN+ Int+7}
HPRegen  0.49/turn              W - ring "Laitulluu" {rF+ rC+}
MPRegen  0.28/turn              O - ring of protection from cold
                                N - ring of wizardry
                                k - ring "Mutin" {+Fly rF+ Str-2 Int+7}

@: statue-form, marked, very slow
A: almost no armour, stealthy swim, amphibious, 8 rings, constrict 8, tentacle
spike 2, camouflage 1, cold resistance 1, fire resistance 1
}: 4/15 runes: serpentine, barnacled, silver, obsidian
a: End Transformation, Bend Time, Temporal Distortion, Slouch, Step From Time,
Renounce Religion, Evoke Flight


You were on level 7 of Cocytus.
You worshipped Cheibriados.
Cheibriados was exalted by your worship.
You were not hungry.
You were a stone statue.
You visited 13 branches of the dungeon, and saw 63 of its levels.
You visited the Abyss 1 time.
You visited 2 bazaars.
You also visited: Bailey.

You collected 9529 gold pieces.
You spent 4750 gold pieces at shops.

Inventory:

Armour
 i - a +2 large shield (worn)
Jewellery
 a - a ring of protection from magic (left tentacle)
 k - the ring "Mutin" (on tentacle) {+Fly rF+ Str-2 Int+7}
   (You found it on level 5 of the Vaults)

   [ring of flight]

   It affects your strength (-2).
   It affects your intelligence (+7).
   It protects you from fire.
   It lets you fly.
 n - an uncursed ring of protection from magic
 p - an uncursed ring of protection from magic
 u - the ring "Umuimicw" (on tentacle) {Wiz rN+++ Str+2 Stlth+}
   (You took it off a vault guard on level 5 of the Vaults)

   [ring of wizardry]

   It improves your spell success rate.
   It affects your strength (+2).
   It renders you almost immune to negative energy.
   It makes you more stealthy.
 x - an uncursed ring of wizardry
 A - the ring "Fecaa" (on tentacle) {rN+ Int+7}
   (You found it on level 3 of the Crypt)

   [ring of positive energy]

   It affects your intelligence (+7).
   It protects you from negative energy.
 F - a +3 amulet of reflection (around mantle)
 L - an uncursed ring of resist corrosion
 N - a ring of wizardry (on tentacle)
 O - a ring of protection from cold (on tentacle)
 T - a ring of see invisible (right tentacle)
 V - a +3 ring of slaying
 W - the ring "Laitulluu" (on tentacle) {rF+ rC+}
   (You found it on level 4 of the Shoals)

   [ring of protection from cold]

   It protects you from fire.
   It protects you from cold.
Wands
 z - a wand of clouds (5)
 C - a wand of digging (14)
 Q - a wand of scattershot (3)
 S - a wand of enslavement (21)
Scrolls
 b - a scroll of magic mapping
 g - 4 scrolls of torment
 h - 4 scrolls of fear
 l - 19 scrolls of teleportation
 o - 2 scrolls of holy word
 v - 14 scrolls of fog
 w - 12 scrolls of immolation
 I - 4 scrolls of blinking
 J - 8 scrolls of amnesia
 K - 30 scrolls of identify
 X - 25 scrolls of remove curse
 Z - 3 scrolls of silence
Potions
 d - 7 potions of might
 e - 4 potions of ambrosia
 j - 12 potions of brilliance
 m - a potion of magic
 q - 4 potions of invisibility
 r - 19 potions of curing
 s - 8 potions of resistance
 t - 7 potions of heal wounds
 D - 6 potions of flight
 E - 11 potions of mutation
 H - 5 potions of agility
 U - 5 potions of cancellation
Miscellaneous
 f - a fan of gales
 y - a fan of gales
 B - a sack of spiders
 G - a phial of floods
 M - 5 boxes of beasts
 P - 7 phantom mirrors
Comestibles
 c - 76 rations


   Skills:
 + Level 13.5 Fighting
 - Level 20.1 Dodging
 - Level 25.0 Shields
 - Level 20.0 Unarmed Combat
 - Level 16.0 Spellcasting
 - Level 14.0 Necromancy
 - Level 16.0 Translocations
 - Level 14.0 Transmutations
 - Level 20.0 Earth Magic
 - Level 10.0 Invocations


You had 15 spell levels left.
You knew the following spells:

 Your Spells              Type           Power        Failure   Level  Hunger
a - Statue Form           Tmut/Erth      ########.    1%          6    None
b - Lesser Beckoning      Tloc           ########..   0%          3    None
c - Controlled Blink      Tloc           N/A          1%          8    None
d - Regeneration          Chrm/Necr      #######...   1%          3    None
e - Shatter               Erth           ########..   2%          9    ####...
f - Necromutation         Tmut/Necr      ########..   2%          8    None
g - Apportation           Tloc           ######       0%          1    None
h - Borgnjor's Vile Clut  Necr/Erth      ########..   0%          5    None

Your spell library contained the following spells:

 Spells                   Type           Power        Failure   Level  Hunger
 Animate Skeleton         Necr           N/A          0%          1    None
 Beastly Appendage        Tmut           ######       0%          1    None
 Sandblast                Erth           ######       0%          1    None
 Blink                    Tloc           N/A          0%          2    None
 Corpse Rot               Necr           N/A          0%          2    None
 Passwall                 Tmut/Erth      ########     0%          2    None
 Shroud of Golubria       Chrm/Tloc      #######...   0%          2    None
 Sticks to Snakes         Tmut           ########     0%          2    None
 Sublimation of Blood     Necr           ########..   0%          2    None
 Gell's Gravitas          Tloc           ########..   0%          3    None
 Stone Arrow              Conj/Erth      ######       0%          3    None
 Teleport Other           Tloc           ########     0%          3    None
 Passage of Golubria      Tloc           N/A          0%          4    None
 Petrify                  Tmut/Erth      ########     0%          4    None
 Lee's Rapid Deconstruct  Erth           ########..   0%          5    None
 Confusing Touch          Hex            #####.       1%          1    None
 Corona                   Hex            #####..      1%          1    None
 Flame Tongue             Conj/Fire      #####        1%          1    None
 Freeze                   Ice            ####         1%          1    None
 Infusion                 Chrm           ####         1%          1    None
 Magic Dart               Conj           ####         1%          1    None
 Shock                    Conj/Air       ####         1%          1    None
 Sting                    Conj/Pois      ####         1%          1    None
 Summon Small Mammal      Summ           ####         1%          1    None
 Call Imp                 Summ           #####...     1%          2    None
 Ensorcelled Hibernation  Hex/Ice        #####.       1%          2    None
 Poisonous Vapours        Pois/Air       #####.       1%          2    None
 Searing Ray              Conj           #####.       1%          2    None
 Song of Slaying          Chrm           #####...     1%          2    None
 Throw Flame              Conj/Fire      #####.       1%          2    None
 Throw Frost              Conj/Ice       #####.       1%          2    None
 Call Canine Familiar     Summ           #####...     1%          3    None
 Confuse                  Hex            #####...     1%          3    None
 Conjure Flame            Conj/Fire      #####...     1%          3    None
 Dazzling Spray           Conj/Hex       #####.       1%          3    None
 Ignite Poison            Fire/Tmut/Pois #######.     1%          3    None
 Inner Flame              Hex/Fire       #####...     1%          3    None
 Mephitic Cloud           Conj/Pois/Air  #####...     1%          3    None
 Ozocubu's Armour         Chrm/Ice       #####...     1%          3    None
 Portal Projectile        Hex/Tloc       ######       1%          3    None
 Spectral Weapon          Hex/Chrm       #####...     1%          3    None
 Spider Form              Tmut/Pois      #######...   1%          3    None
 Summon Guardian Golem    Hex/Summ       #####...     1%          3    None
 Tukima's Dance           Hex            #####...     1%          3    None
 Cause Fear               Hex            #####.....   1%          4    None
 Force Lance              Conj/Tloc      #######.     1%          4    None
 Fulminant Prism          Conj/Hex       #####.....   1%          4    None
 Ice Form                 Ice/Tmut       #######.     1%          4    None
 Iskenderun's Mystic Bla  Conj           #####...     1%          4    None
 Leda's Liquefaction      Hex/Erth       ########..   1%          4    None
 Olgreb's Toxic Radiance  Pois           #####...     1%          4    None
 Sticky Flame             Conj/Fire      #####...     1%          4    None
 Summon Ice Beast         Ice/Summ       #####...     1%          4    None
 Summon Lightning Spire   Summ/Air       #####...     1%          4    None
 Throw Icicle             Conj/Ice       #####...     1%          4    None
 Agony                    Necr           ########     1%          5    None
 Alistair's Intoxication  Tmut/Pois      #######.     1%          5    None
 Blade Hands              Tmut           ########..   1%          5    None
 Bolt of Draining         Conj/Necr      #######...   1%          5    None
 Bolt of Magma            Conj/Fire/Erth #######...   1%          5    None
 Dispel Undead            Necr           ########     1%          5    None
 Excruciating Wounds      Chrm/Necr      #######...   1%          5    None
 Irradiate                Conj/Tmut      #######...   1%          5    None
 Summon Forest            Summ/Tloc      #######...   1%          5    None
 Yara's Violent Unravell  Hex/Tmut       #######...   1%          5    None
 Dispersal                Tloc           ########..   1%          6    None
 Hydra Form               Tmut           ########..   1%          6    None
 Iron Shot                Conj/Erth      ########..   1%          6    None
 Dragon Form              Tmut           ########..   1%          7    None
 Disjunction              Tloc           ########..   1%          8    None
 Fireball                 Conj/Fire      #####.....   2%          5    None
 Iskenderun's Battlesphe  Conj/Chrm      #####...     2%          5    None
 Metabolic Englaciation   Hex/Ice        #####.....   2%          5    None
 Silence                  Hex/Air        #####.....   2%          5    None
 Summon Demon             Summ           #####.....   2%          5    None
 Summon Mana Viper        Hex/Summ       #####...     2%          5    None
 Venom Bolt               Conj/Pois      #####.....   2%          5    None
 Borgnjor's Revivificati  Necr           ########..   2%          8    None
 Infestation              Necr           ########..   2%          8    None
 Haunt                    Necr/Summ      #######...   4%          7    None
 Bolt of Fire             Conj/Fire      #####.....   16%         6    None
 Darkness                 Hex            #####.....   16%         6    None
 Deflect Missiles         Chrm/Air       #####.....   16%         6    None
 Freezing Cloud           Conj/Ice/Air   #####.....   16%         6    None
 Ozocubu's Refrigeration  Ice            #####.....   16%         6    None
 Shadow Creatures         Summ           N/A          16%         6    None
 Death's Door             Chrm/Necr      #######...   32%         8    None
 Orb of Destruction       Conj           #####.....   58%         7    None
 Ring of Flames           Chrm/Fire      #####.....   58%         7    None
 Spellforged Servitor     Conj/Summ      #####.....   58%         7    None
 Summon Hydra             Summ           #####.....   58%         7    None
 Discord                  Hex            #####.....   99%         8    None
 Dragon's Call            Summ           #####.....   100%        9    ####...
 Tornado                  Air            #####.....   100%        9    ####...


Dungeon Overview and Level Annotations

Branches:
Dungeon (15/15)            Temple (1/1) D:4            Lair (6/6) D:11
 Shoals (4/4) Lair:2        Snake (4/4) Lair:4        Slime (0/5) Lair:5
    Orc (2/2) D:12            Elf (3/3) Orc:2        Vaults (5/5) D:13
  Crypt (3/3) Vaults:3       Tomb (0/3) Crypt:3      Depths (5/5) D:15
   Hell (1/1)                 Dis (0/7) Hell            Geh (7/7) Hell
    Coc (7/7) Hell            Tar (0/7) Hell            Zot (0/5) Depths:5

Altars:
Ashenzari
Cheibriados
Dithmenos
Elyvilon
Fedhas
Gozag
Hepliaklqana
Kikubaaqudgha
Makhleb
Nemelex Xobeh
Okawaru
Qazlal
Ru
Sif Muna
Trog
Vehumet
Xom
Yredelemnul
Zin
The Shining One
Beogh
Jiyva
Lugonu

Shops:
D:6 %   D:12 :   Orc:2 =*[(   Elf:1 (   Snake:4 }=}   Vaults:2 :
Depths:5 ?(*=

Portals:
Hell: Depths:1 Depths:2 Depths:3 Depths:4 Depths:5
Abyss: Depths:1 Depths:4
Pandemonium: Depths:2 Depths:3
Ziggurat: Depths:2

Annotations:
Lair:5 exclusion: downstairs
Snake:4 Nikola
Coc:7 Antaeus


Innate Abilities, Weirdness & Mutations

You cannot wear most types of armour.
You are very stealthy in the water. (Stealth+)
You are amphibious.
You can wear up to eight rings at the same time.
You can use your tentacles to constrict eight enemies at once.
Your skin changes colour to match your surroundings (Stealth+).
((Your rubbery body absorbs attacks. (AC +1, EV +1)))
One of your tentacles bears a nasty spike.
((You are partially covered in icy blue scales. (AC +2)))
Your flesh is cold resistant. (rC+)
Your flesh is heat resistant. (rF+)


Message History

The shadow dragon zombie completely misses you.
The shadow dragon zombie misses you. The Ice Fiend gestures at you.
The bolt of cold misses you.
The Ice Fiend calls on the powers of darkness!
The shard shrike convulses! x2; Your body is wracked with pain!
The frost giant convulses!
The Ice Fiend claws you. The Ice Fiend freezes you! You resist.
You block the Ice Fiend's attack.
The shard shrike spits a shard of ice at you.
The shard of ice hits you!! You partially resist.
* * * LOW HITPOINT WARNING * * *
The blizzard demon closely misses you.
The blizzard demon completely misses you.
The shadow dragon zombie bites you but does no damage.
You block the shadow dragon zombie's attack.
The shadow dragon zombie claws you but does no damage.
Antaeus hits you!!!
* * * LOW HITPOINT WARNING * * *
Antaeus freezes you! You resist.
You die...

,,,,,,,**,,*,,,,*#........#,≈≈≈≈≈
,,,*,,,*,,*.#φ$|*#........#,≈≈≈≈≈
,,,,,,,*,.,*.#}$*#...Z...#.≈≈≈≈≈≈
,,,*,,,*,..,*...*#........#,≈≈≈≈≈
,,,,,,,**...,#).*#..Eb....#,≈≈≈≈≈
,,,,,,***....,..*#.......#.≈≈≈≈≈≈
*,,,,*,****...#1#.b.....#.≈≈≈≈≈≈≈
,*,,*,≈,*.##.#212bb......≈≈≈≈≈≈≈≈
≈,,,,≈≈≈,#....2C8Z≈≈....≈≈≈≈≈≈≈≈≈
≈≈≈≈≈≈≈,*z)...)1Z)≈≈≈≈≈≈≈≈≈≈≈≈≈≈≈
≈≈≈≈≈≈,*,..z....1..≈≈≈≈≈≈≈≈≈≈≈≈≈≈
≈≈≈≈≈≈,*,..........○≈≈≈≈≈≈≈≈≈≈≈≈≈
≈≈≈≈≈≈,*,...C......≈○≈≈≈≈≈≈≈≈≈≈≈≈
≈≈≈≈≈≈,*,........#.≈≈≈≈≈≈≈≈≈≈≈≈≈≈
≈≈≈≈≈≈≈,*.D.......≈≈≈≈≈≈≈≈≈≈≈≈≈≈≈
≈≈≈≈≈≈≈≈,........≈≈≈≈≈≈≈≈≈≈≈≈****
≈≈≈≈≈≈≈≈≈,**,**,≈≈≈≈≈≈≈≈≈≈≈≈**


You could see Antaeus, 4 shard shrikes, a frost giant, 4 Ice Fiends, an ice
dragon, 3 blizzard demons, 2 skeletal warriors, a water elemental, a six-headed
hydra zombie and 2 shadow dragon zombies.

Vanquished Creatures
  Asmodeus (Geh:7)
  Mennas (Depths:3)
  Mara (Elf:3)
  8 shard shrikes
  Saint Roka (Vaults:1)
  Geryon (Hell)
  Xtahua (Vaults:4)
  Vashnia (Snake:2)
  2 curse toes (Crypt:3)
  4 caustic shrikes (Depths:5)
  A golden dragon (Vaults:5)
  2 bone dragons
  The ghost of Mgcat the Severer, an adept CeBe of Trog (Elf:3)
  A pearl dragon (Depths:4)
  The ghost of mopl the Black Belt, an adept MfTm of Cheibriados (Vaults:2)
  19 Brimstone Fiends
  A hellephant (Abyss:1)
  11 tentacled monstrosities
  Jorgrun (D:14)
  A Hell Sentinel (Abyss:3)
  6 titans (Vaults:5)
  12 Ice Fiends
  2 deep elf blademasters (Elf:3)
  6 liches
  A deep elf master archer (Elf:3)
  A shard shrike skeleton (Crypt:1)
  An eldritch tentacle (Coc:1)
  A kraken (Abyss:3)
  An Executioner (Abyss:3)
  10 ancient champions
  Polyphemus (Shoals:3)
  10 tentacled starspawn
  2 sphinxes
  Roxanne (Shoals:4)
  8 shadow dragons
  The ghost of Arran the Black Belt, an adept DgTm (Snake:1)
  6 tengu reavers
  3 storm dragons
  21 large abominations
  4 daevas
  Donald (Shoals:4)
  Ilsuiw (Shoals:2)
  2 revenants
  9 fire giants
  A cacodemon (Abyss:1)
  4 iron dragons
  12 frost giants
  13 nagarajas
  15 vault wardens
  2 draconian scorchers (Depths:5)
  An orc warlord (Orc:2)
  7 deep elf sorcerers
  11 balrugs
  A draconian stormcaller (Depths:5)
  Louise (Elf:3)
  4 deep elf elementalists (Elf:3)
  Aizul (Snake:1)
  2 spriggan defenders
  6 ghouls
  8 ironheart preservers
  2 elemental wellsprings
  31 very ugly things
  4 angels
  35 stone giants
  2 war gargoyles
  4 vampire knights
  4 entropy weavers
  The ghost of Depyiwoq the Grappler, a journeyman TrEE (Lair:2)
  21 reapers
  8 deep elf demonologists
  2 lorocyprocas
  9 deep elf annihilators
  A black draconian (Depths:5)
  2 purple draconians (Depths:5)
  A minotaur (Depths:2)
  A dire elephant (shapeshifter) (Depths:2)
  2 white draconians (Depths:5)
  A red draconian (Depths:5)
  5 eidola
  A spark wasp (Depths:2)
  12 deep elf death magi
  14 ettins
  Snorg (Orc:2)
  A green death (Abyss:3)
  11 merfolk impalers
  A kraken zombie (Hell)
  8 merfolk javelineers
  8 jiangshi
  11 blizzard demons
  14 fire dragons
  6 quicksilver dragon zombies
  10 great orbs of eyes
  19 yaktaur captains
  31 ice dragons
  7 deep elf high priests
  8 rakshasas
  Erolcha (D:9)
  Harold (D:7)
  Fannar (D:11)
  3 quicksilver dragon skeletons
  A hell beast (Depths:3)
  25 naga warriors
  29 vault guards
  22 anacondas
  3 merfolk avatars
  6 spriggan air magi
  A catoblepas (Shoals:4)
  19 centaur warriors
  18 ogre magi
  8 hydras
  5 merfolk aquamancers
  6 death knights
  54 two-headed ogres
  2 alligator snapping turtles
  31 dancing weapons
  A deep troll shaman (Depths:5)
  10 vampire magi
  7 death yaks
  17 spriggan berserkers
  12 tengu warriors
  27 naga sharpshooters
  21 hell hogs
  43 hell knights
  3 titan zombies
  8 deep troll earth magi
  10 thrashing horrors
  An iron golem (Geh:7)
  7 shock serpents
  17 deep elf knights
  Urug (Lair:3)
  6 soul eaters
  3 storm dragon zombies
  An orc high priest (Orc:2)
  14 sun demons
  Nergalle (Orc:2)
  9 wretched stars
  2 sixfirhies
  A fire crab (shapeshifter) (Abyss:1)
  5 shadow wraiths
  5 golden dragon zombies
  3 titan skeletons
  2 iron trolls (Depths:5)
  An iron troll (shapeshifter) (Depths:2)
  A salamander mystic (Snake:3)
  3 storm dragon skeletons
  6 cherubim (Depths:4)
  9 flayed ghosts
  64 skeletal warriors
  A ghost moth zombie (Coc:7)
  17 sea snakes
  An unseen horror (shapeshifter) (Vaults:1)
  2 spatial maelstroms (Abyss:1)
  A swamp dragon (shapeshifter) (Vaults:3)
  2 glowing orange brains
  19 deep elf archers
  12 anaconda zombies
  9 wizards
  19 deep trolls
  9 naga ritualists
  4 harpies (Shoals:1)
  2 lindwurms (shapeshifter)
  10 phantasmal warriors
  16 ironbrand convokers
  2 shadow dragon zombies
  4 wolf spider zombies
  8 anaconda skeletons
  13 orc knights
  26 necromancers
  4 orc sorcerers
  20 mana vipers
  3 golden dragon skeletons
  3 wolf spiders
  38 ugly things
  52 deep elf magi
  5 stone giant zombies
  10 salamanders
  3 fauns (Shoals:2)
  A sphinx skeleton (Vaults:1)
  3 iron dragon zombies
  5 frost giant zombies
  5 human zombies
  A moth of wrath (shapeshifter) (Vaults:5)
  A cyclops (shapeshifter) (Vaults:1)
  2 tengu skeletons
  6 fire giant zombies
  6 cyclopes
  2 shadow dragon skeletons
  4 stone giant skeletons
  6 worldbinders
  2 apocalypse crabs (Abyss:3)
  6 merfolk sirens
  18 elephants
  8 dire elephant zombies
  3 frost giant skeletons
  11 manticores
  4 fire giant skeletons
  51 black mambas
  A guardian serpent (shapeshifter) (Depths:3)
  3 rust devils
  27 naga magi
  22 molten gargoyles
  A shock serpent zombie (Geh:5)
  Maurice (D:8)
  7 guardian serpents
  5 water nymphs
  15 vault sentinels
  A titan simulacrum (Coc:7)
  A black mamba (shapeshifter) (Vaults:3)
  11 spiny frogs
  8 smoke demons
  19 hellions
  A gargoyle (D:15)
  3 storm dragon simulacra (Coc:7)
  3 emperor scorpion zombies
  A yaktaur zombie (Vaults:1)
  3 orange demons
  A spiny frog (shapeshifter) (Vaults:3)
  A rime drake (shapeshifter) (D:15)
  2 dire elephant skeletons
  2 rime drakes
  2 komodo dragons
  A minotaur zombie (Coc:6)
  A komodo dragon (shapeshifter) (Depths:4)
  2 yaktaurs (shapeshifter)
  5 spectral swamp worms (Depths:4)
  2 redback zombies
  4 anaconda simulacra
  3 kobold demonologists
  A yellow draconian skeleton (Crypt:2)
  59 yaktaurs
  A catoblepas zombie (Coc:6)
  A red draconian skeleton (Crypt:1)
  An efreet (Abyss:3)
  29 freezing wraiths
  20 tormentors
  3 demonic crawlers
  3 ancient zymes
  A guardian mummy (Crypt:3)
  2 minotaur skeletons
  3 hellwings
  14 hydra zombies
  A golden dragon simulacrum (Coc:3)
  29 ice devils
  A black draconian skeleton (Crypt:2)
  A silent spectre (Abyss:3)
  8 trolls
  19 red devils
  4 harpy zombies
  A catoblepas skeleton (Geh:5)
  A queen bee (Depths:2)
  A jumping spider (Vaults:4)
  6 tengu conjurers
  3 polar bears (Lair:6)
  36 merfolk
  4 wind drakes
  Prince Ribbit (D:5)
  2 queen bees (shapeshifter)
  4 human skeletons
  2 shadow dragon simulacra
  A tengu simulacrum (Vaults:3)
  8 bog bodies
  8 hornets
  4 hydra skeletons
  22 blink frogs
  2 harpy skeletons
  2 fire dragon zombies
  7 raiju
  9 slime creatures
  2 dream sheep (Lair:6)
  11 hippogriffs
  5 ettin zombies
  A frost giant simulacrum (Crypt:1)
  4 snapping turtles
  3 alligator zombies
  2 ice dragon zombies
  A hippogriff (shapeshifter) (Depths:4)
  2 centaur simulacra (D:15)
  6 ice dragon skeletons
  A satyr skeleton (Crypt:1)
  5 fire dragon skeletons
  6 air elementals
  2 dire elephant simulacra (Crypt:3)
  6 ettin skeletons
  2 black mamba zombies (Geh:7)
  15 shadows
  A tarantella (Vaults:3)
  64 flying skulls
  3 ynoxinuls (Abyss:3)
  7 redbacks
  52 yaks
  4 vampires
  4 alligator skeletons
  18 spriggans
  29 water elementals
  A tarantella (shapeshifter) (Vaults:4)
  31 wraiths
  A wyvern (shapeshifter) (Abyss:1)
  4 wyverns
  18 humans (D:13)
  4 fire bats
  A human (shapeshifter) (Vaults:2)
  11 fire elementals
  A hog (shapeshifter) (Depths:1)
  Eustachio (D:5)
  A minotaur simulacrum (Crypt:3)
  8 neqoxecs
  3 basilisks
  12 hungry ghosts
  3 vampire mosquitoes
  Menkaure (D:5)
  5 spatial vortices
  A swamp worm (shapeshifter) (Vaults:2)
  83 nagas
  6 spiny frog zombies
  A deep troll zombie (Vaults:2)
  3 wargs
  27 hell hounds
  An acid dragon (Vaults:1)
  Duvessa (D:5)
  12 porcupines
  A floating eye (Depths:2)
  5 hydra simulacra (Coc:7)
  24 water moccasins
  A gelid demonspawn skeleton (Crypt:1)
  10 black bears
  2 monstrous demonspawn skeletons
  50 orc warriors
  4 spiny frog skeletons
  9 ice beasts
  A fire dragon simulacrum (Crypt:3)
  6 phantoms
  A black bear (shapeshifter) (Vaults:5)
  33 starcursed masses
  An alligator simulacrum (Crypt:1)
  5 snapping turtle zombies
  42 ogres
  3 necrophages
  2 manticore skeletons
  An ice dragon simulacrum (Coc:3)
  4 sky beasts
  A tengu (shapeshifter) (Abyss:3)
  38 wolves
  3 eyes of draining
  A hog zombie (Crypt:3)
  14 boggarts
  4 snapping turtle skeletons
  A blink frog skeleton (Crypt:3)
  28 centaurs
  An elephant skeleton (Crypt:3)
  A torpor snail zombie (Crypt:3)
  A crocodile (shapeshifter) (Vaults:4)
  18 crocodiles
  5 big kobolds
  A fire crab zombie (Crypt:2)
  An elf zombie (Geh:5)
  24 bullfrogs
  5 earth elementals
  Dowan (D:5)
  3 spiny frog simulacra
  A spriggan zombie (Geh:7)
  12 small abominations
  A water moccasin skeleton (D:8)
  4 scorpions
  2 human simulacra
  29 killer bees
  33 wights
  A snapping turtle simulacrum (Coc:3)
  A yak skeleton (Crypt:1)
  5 howler monkeys
  A wolf zombie (Crypt:3)
  A polar bear skeleton (Crypt:2)
  A black bear zombie (Crypt:2)
  10 crimson imps
  A lava snake (D:11)
  10 jellies
  7 hounds
  5 quasits
  Crazy Yiuf (D:7)
  3 bullfrog skeletons
  24 orc priests
  11 centaur skeletons
  29 orc wizards
  3 iron imps
  3 iguanas
  9 worker ants
  A naga zombie (Geh:7)
  An ogre zombie (Geh:7)
  3 tengu zombies
  14 mummies
  A hound zombie (D:6)
  A hound skeleton (D:8)
  A worker ant zombie (D:6)
  6 gnolls
  14 adders
  A river rat (Lair:1)
  3 shadow imps
  A steam dragon skeleton (Crypt:3)
  8 white imps
  An ufetubus (Abyss:1)
  7 oozes
  An adder skeleton (D:8)
  3 worms (D:2)
  2 dart slugs
  8 leopard geckos
  97 orcs
  7 giant cockroaches
  11 goblins
  3 hobgoblins
  20 jackals
  5 quokkas
  5 ball pythons
  7 bats
  16 frilled lizards
  A goblin skeleton (Crypt:3)
  A goblin zombie (Crypt:2)
  2 jackal skeletons
  A jackal zombie (Crypt:3)
  29 kobolds
  A kobold skeleton (Coc:3)
  2 orc skeletons
  An orc zombie (Coc:5)
  A rat (shapeshifter) (Vaults:5)
  4 rats
  A crawling corpse (Crypt:2)
  A fire vortex (Geh:1)
  2 fungi
  A plant (Lair:1)
  10 starspawn tentacles
  10 tentacles
3437 creatures vanquished.

Vanquished Creatures (collateral kills)
  A merfolk impaler (Shoals:3)
1 creature vanquished.

Vanquished Creatures (others)
  A shard shrike (Coc:7)
  An eldritch tentacle (Hell)
  A deep elf master archer (Elf:3)
  A deep elf high priest (Elf:3)
  A rakshasa (Depths:3)
  A yaktaur captain (Vaults:2)
  3 centaur warriors
  An ogre mage (Vaults:4)
  2 hell hogs (Geh:7)
  A naga sharpshooter (Snake:4)
  2 deep elf archers
  A naga ritualist (Snake:4)
  A faun (Shoals:2)
  A merfolk siren (Shoals:3)
  19 yaktaurs
  A golden dragon simulacrum (Depths:3)
  A blink frog (Abyss:1)
  An ettin skeleton (Geh:7)
  2 flying skulls (Geh:7)
  2 wraiths (Geh:3)
  A naga (Snake:4)
  5 centaurs
  A boggart (Vaults:2)
  An orc zombie (Geh:7)
  A fire vortex (D:11)
  35 fungi
  2 lurking horrors (Abyss:3)
  28 plants
  20 starspawn tentacles
  12 tentacles
150 creatures vanquished.

Grand Total: 3588 creatures vanquished

Notes
Turn   | Place    | Note
-------+----------+-------------------------------------------
     0 | D:1      | MisterFreud the Octopode Transmuter began the quest for the
                  | Orb.
     0 | D:1      | Reached XP level 1. HP: 13/13 MP: 3/3
   397 | D:1      | Reached XP level 2. HP: 18/18 MP: 5/5
  1057 | D:1      | Learned a level 2 spell: Sticks to Snakes
  1191 | D:2      | Reached XP level 3. HP: 17/23 MP: 6/6
  1561 | D:2      | Learned a level 3 spell: Spider Form
  1737 | D:2      | Reached XP level 4. HP: 21/28 MP: 8/8
  2624 | D:2      | HP: 1/28 [scorpion (4)]
  2627 | D:2      | Reached XP level 5. HP: 10/33 MP: 7/9
  3536 | D:3      | Reached skill level 5 in Spellcasting
  3536 | D:3      | Reached XP level 6. HP: 43/43 MP: 10/13
  3537 | D:3      | Reached skill level 5 in Invocations
  3537 | D:3      | Reached XP level 7. HP: 48/48 MP: 10/14
  3571 | D:3      | Learned a level 5 spell: Blade Hands
  4100 | D:4      | Reached XP level 8. HP: 51/54 MP: 9/15
  4128 | D:4      | Found a stormy altar of Qazlal.
  4273 | D:4      | Found a basalt altar of Yredelemnul.
  4453 | D:4      | Found a staircase to the Ecumenical Temple.
  4465 | Temple   | Entered the Ecumenical Temple
  4529 | Temple   | Became a worshipper of Cheibriados the Contemplative
  4623 | D:5      | Entered Level 5 of the Dungeon
  4644 | D:5      | Noticed Prince Ribbit
  4649 | D:5      | Killed Prince Ribbit
  4671 | D:5      | Noticed Menkaure
  4679 | D:5      | Killed Menkaure
  4757 | D:5      | Noticed Duvessa
  4761 | D:5      | Noticed Dowan
  4768 | D:5      | Killed Duvessa
  4772 | D:5      | Killed Dowan
  4772 | D:5      | Reached skill level 10 in Transmutations
  4776 | D:5      | Reached XP level 9. HP: 47/58 MP: 12/16
  5075 | D:5      | Reached * piety under Cheibriados
  5245 | D:5      | Noticed Eustachio
  5255 | D:5      | Killed Eustachio
  5265 | D:5      | Found an iron altar of Okawaru.
  5510 | D:6      | Reached ** piety under Cheibriados
  5677 | D:6      | Found Loasupra's Food Emporium.
  5768 | D:6      | Reached skill level 8 in Shields
  5768 | D:6      | Reached XP level 10. HP: 63/63 MP: 17/17
  5971 | D:7      | Noticed Harold
  5982 | D:7      | Killed Harold
  6265 | D:7      | Reached *** piety under Cheibriados
  6464 | D:7      | Found a deep blue altar of Sif Muna.
  6554 | D:7      | Found a runed translucent door.
  6555 | D:7      | Noticed Crazy Yiuf
  6562 | D:7      | Killed Crazy Yiuf
  6639 | D:8      | Noticed Maurice
  6645 | D:8      | Killed Maurice
  6645 | D:8      | Reached XP level 11. HP: 59/69 MP: 12/18
  6666 | D:8      | Found a glowing golden altar of the Shining One.
  6666 | D:8      | Noticed a white very ugly thing
  6667 | D:8      | Noticed a centaur warrior
  6668 | D:8      | Found a shattered altar of Ashenzari.
  6671 | D:8      | Found a transporter.
  6886 | D:8      | Reached skill level 10 in Dodging
  6904 | D:8      | Found the +5 scythe "Finisher" {speed, eviscerate}
  6973 | D:8      | Found a radiant altar of Vehumet.
  6974 | D:8      | Found a burning altar of Makhleb.
  7016 | D:8      | Reached **** piety under Cheibriados
  7046 | D:8      | Found a transporter.
  7587 | D:9      | Found a blossoming altar of Fedhas.
  7626 | D:9      | Noticed Erolcha
  7636 | D:9      | Killed Erolcha
  7679 | D:9      | Reached skill level 5 in Fighting
  7692 | D:9      | Reached ***** piety under Cheibriados
  7918 | D:9      | Identified Sif Muna's Tome of Supportive Conjuration
  7918 | D:9      | Noticed a two-headed ogre
  7921 | D:9      | Killed a two-headed ogre
  8054 | D:9      | Found a sacrificial altar of Ru.
  8156 | D:10     | Entered Level 10 of the Dungeon
  8369 | D:10     | Found a shimmering altar of Xom.
  8419 | D:10     | Noticed a manticore
  8429 | D:10     | Killed a manticore
  8435 | D:10     | Noticed a two-headed ogre
  8444 | D:10     | Killed a two-headed ogre
  9026 | D:11     | Reached XP level 12. HP: 59/79 MP: 16/21
  9143 | D:11     | Noticed a two-headed ogre
  9151 | D:11     | Killed a two-headed ogre
  9333 | D:11     | Reached ****** piety under Cheibriados
  9387 | D:11     | Noticed Fannar
  9398 | D:11     | Killed Fannar
  9525 | D:11     | Reached skill level 10 in Unarmed Combat
  9712 | D:11     | Found a staircase to the Lair.
  9965 | Lair:1   | Entered Level 1 of the Lair of Beasts
 10145 | Lair:1   | Noticed a seven-headed hydra
 10155 | Lair:1   | Killed a ten-headed hydra
 10689 | Lair:2   | Identified a scroll of acquirement
 10689 | Lair:2   | Identified Horuush's Compendium of the Spatial Glacier (You
                  | acquired it on level 2 of the Lair of Beasts)
 10705 | Lair:2   | Learned a level 8 spell: Controlled Blink
 10750 | Lair:2   | Reached skill level 1 in Translocations
 10750 | Lair:2   | Reached XP level 13. HP: 74/88 MP: 22/25
 11217 | Lair:4   | Found a staircase to the Snake Pit.
 11372 | Lair:3   | Noticed Urug
 11385 | Lair:3   | Killed Urug
 11705 | Lair:2   | Found a staircase to the Shoals.
 11722 | Lair:2   | Reached skill level 5 in Translocations
 11833 | Lair:2   | Found a runed translucent gate.
 11833 | Lair:2   | Found a runed translucent gate.
 11837 | Lair:2   | Found a runed translucent gate.
 11837 | Lair:2   | Noticed Depyiwoq's ghost (journeyman TrEE)
 12346 | Lair:3   | Reached skill level 10 in Invocations
 13286 | Lair:5   | Found a staircase to the Slime Pits.
 13286 | Lair:5   | Found a viscous altar of Jiyva.
 13490 | Lair:5   | Reached XP level 14. HP: 94/94 MP: 20/26
 13496 | Lair:5   | Learned a level 4 spell: Ice Form
 14240 | Lair:6   | Entered Level 6 of the Lair of Beasts
 14355 | Lair:6   | Reached skill level 10 in Translocations
 15699 | D:12     | Found Feet's Book Shoppe.
 15782 | D:12     | Reached XP level 15. HP: 99/99 MP: 21/27
 16019 | D:12     | Found a flagged portal.
 16034 | D:12     | Found a staircase to the Orcish Mines.
 16036 | Bailey   | Entered a bailey
 16194 | Bailey   | Learned a level 6 spell: Statue Form
 16291 | D:12     | Reached skill level 1 in Earth Magic
 16473 | D:12     | Learned a level 4 spell: Ice Form
 16758 | D:13     | Found a transporter.
 17013 | Orc:1    | Entered Level 1 of the Orcish Mines
 17738 | Orc:2    | Entered Level 2 of the Orcish Mines
 17933 | D:12     | Bought a book of Spatial Translocations for 910 gold pieces
 17938 | D:12     | Learned a level 3 spell: Lesser Beckoning
 17995 | Orc:2    | Noticed an orc warlord
 18005 | Orc:2    | Killed an orc warlord
 18005 | Orc:2    | Reached skill level 5 in Earth Magic
 18323 | Orc:2    | Noticed Nergalle
 18435 | Orc:2    | Killed Nergalle
 18539 | Orc:2    | Found a roughly hewn altar of Beogh.
 18550 | Orc:2    | Found Rymiedd's Jewellery Emporium.
 18570 | Orc:2    | Bought an uncursed ring of wizardry for 480 gold pieces
 18726 | Orc:2    | Found Naoth's Antique Weapon Emporium.
 18741 | Orc:2    | Found Rekk's General Store.
 18832 | Orc:2    | Found a staircase to the Elven Halls.
 18833 | Orc:2    | Found a roughly hewn altar of Beogh.
 18835 | Orc:2    | Noticed Snorg
 18843 | Orc:2    | Killed Snorg
 18901 | Orc:2    | Found Tanen's Antique Armour Emporium.
 19166 | D:13     | Found a transporter.
 19633 | D:13     | Found a gate to the Vaults.
 19880 | D:14     | Noticed Jorgrun
 19887 | D:14     | Killed Jorgrun
 19887 | D:14     | Reached skill level 10 in Earth Magic
 19887 | D:14     | Reached XP level 16. HP: 105/105 MP: 22/28
 19912 | D:14     | Found a hazy altar of Hepliaklqana.
 20411 | D:15     | Entered Level 15 of the Dungeon
 20839 | D:15     | Reached skill level 9 in Shields
 21087 | D:15     | Found a staircase to the Depths.
 21301 | D:15     | Upgraded the game from 0.24-a0-341-g52ca42d3ec to
                  | 0.24-a0-342-gad4687c37d
 21443 | Snake:1  | Entered Level 1 of the Snake Pit
 21457 | Snake:1  | Reached skill level 15 in Translocations
 21591 | Snake:1  | Reached skill level 10 in Shields
 21898 | Snake:1  | Reached skill level 11 in Shields
 21974 | Snake:1  | Noticed Arran's ghost (adept DgTm)
 21991 | Snake:1  | Found a runed translucent gate.
 21991 | Snake:1  | Found a runed translucent gate.
 21991 | Snake:1  | Found a runed translucent gate.
 22306 | Snake:1  | Reached XP level 17. HP: 109/109 MP: 21/29
 22407 | Snake:1  | Reached skill level 12 in Shields
 22543 | Snake:1  | Noticed Aizul
 22560 | Snake:1  | Killed Aizul
 23078 | Snake:2  | Reached skill level 13 in Shields
 23136 | Snake:2  | Noticed Vashnia
 23151 | Snake:2  | Killed Vashnia
 23580 | Snake:2  | Reached skill level 14 in Shields
 24419 | Snake:3  | Found a runed translucent gate.
 24420 | Snake:3  | Found a runed translucent gate.
 24421 | Snake:3  | Found a runed translucent gate.
 24570 | Snake:3  | Reached skill level 15 in Shields
 24603 | Snake:3  | Found a sparkling altar of Nemelex Xobeh.
 25049 | Snake:4  | Entered Level 4 of the Snake Pit
 25068 | Snake:4  | Reached XP level 18. HP: 116/116 MP: 19/30
 26260 | Lair:2   | Killed Depyiwoq's ghost
 26284 | Lair:2   | Got a warped ruby amulet
 26285 | Lair:2   | Identified the amulet "Holyagh" {Spirit +Fly rPois} (You
                  | found it on level 2 of the Lair of Beasts)
 26409 | Snake:1  | Killed Arran's ghost
 26409 | Snake:1  | Reached skill level 10 in Spellcasting
 26876 | Shoals:1 | Entered Level 1 of the Shoals
 27630 | Shoals:2 | Noticed Ilsuiw
 27637 | Shoals:2 | Killed Ilsuiw
 27664 | Shoals:2 | Learned a level 3 spell: Regeneration
 27912 | Shoals:2 | Reached skill level 10 in Fighting
 28229 | Shoals:2 | Reached XP level 19. HP: 126/126 MP: 33/33
 28894 | Shoals:4 | Entered Level 4 of the Shoals
 28894 | Shoals:4 | Noticed Polyphemus
 29270 | Shoals:3 | Killed Polyphemus
 29434 | Shoals:4 | Got a warped lead ring
 29435 | Shoals:4 | Identified the ring of Poycoy {+Inv rElec Dex+5} (You found
                  | it on level 4 of the Shoals)
 29523 | Shoals:4 | Got a barnacled rune of Zot
 29738 | Shoals:4 | Noticed Donald
 29738 | Shoals:4 | Noticed Roxanne
 29752 | Shoals:4 | Killed Donald
 29780 | Shoals:4 | Killed Roxanne
 30154 | Shoals:4 | Got a scintillating steel ring
 30155 | Shoals:4 | Identified the ring "Laitulluu" {rF+ rC+} (You found it on
                  | level 4 of the Shoals)
 31100 | Snake:4  | Found Sammuwk's Gadget Emporium.
 31100 | Snake:4  | Found Jiustrois's Jewellery Boutique.
 31101 | Snake:4  | Found Wikir's Gadget Emporium.
 31109 | Snake:4  | Bought a cursed amulet of inaccuracy for 28 gold pieces
 31193 | Snake:4  | Noticed Nikola
 31345 | Snake:4  | Got a serpentine rune of Zot
 31363 | Snake:4  | Reached XP level 20. HP: 137/137 MP: 24/34
 31520 | Snake:4  | Reached skill level 15 in Unarmed Combat
 32152 | Vaults:1 | Entered Level 1 of the Vaults
 32332 | Vaults:1 | Noticed Saint Roka
 32345 | Vaults:1 | Killed Saint Roka
 33834 | Vaults:3 | Found a staircase to the Crypt.
 33942 | Vaults:3 | Reached XP level 21. HP: 143/143 MP: 27/35
 35244 | Vaults:2 | Identified the Handbook of Translocation
 35458 | Vaults:2 | Found Dikkessi's Book Boutique.
 35474 | Vaults:2 | Identified the +5 morningstar of Forotw Pema {crush, Str+3
                  | Dex+7}
 35484 | Vaults:2 | Reached XP level 22. HP: 148/148 MP: 36/36
 35487 | Vaults:2 | Reached skill level 16 in Shields
 35567 | Vaults:2 | Found a runed translucent door.
 35569 | Vaults:2 | Noticed mopl's ghost (adept MfTm)
 35605 | Vaults:2 | Killed mopl's ghost
 36293 | Vaults:4 | Reached skill level 17 in Shields
 36557 | Vaults:4 | Reached skill level 18 in Shields
 37277 | Vaults:4 | Noticed Xtahua
 37285 | Vaults:4 | Killed Xtahua
 37711 | Elf:1    | Entered Level 1 of the Elven Halls
 37831 | Elf:1    | Found Jairot's Antique Weapon Shoppe.
 37898 | Elf:1    | Reached skill level 19 in Shields
 38312 | Elf:2    | Reached XP level 23. HP: 153/153 MP: 34/37
 38319 | Elf:2    | Found a flickering gateway to a bazaar.
 38328 | Bazaar   | Entered a bazaar
 38334 | Bazaar   | Found Poac Buosh's Jewellery Boutique.
 38340 | Bazaar   | Bought an uncursed ring of protection from magic for 325
                  | gold pieces
 38365 | Bazaar   | Found Echiotyh's Antique Weapon Emporium.
 38384 | Bazaar   | Found Vuholicu's Jewellery Boutique.
 38389 | Bazaar   | Bought an uncursed ring of protection from magic for 400
                  | gold pieces
 38389 | Bazaar   | Bought an uncursed ring of wizardry for 480 gold pieces
 38389 | Bazaar   | Bought an uncursed ring of protection from magic for 400
                  | gold pieces
 38420 | Bazaar   | Found Naut's Antique Armour Shoppe.
 38426 | Bazaar   | Bought a dazzling shield for 285 gold pieces
 38426 | Bazaar   | Identified the cursed +0 shield "Jiso" {rC+ Str-2 Dex+2}
                  | (You bought it in a shop in a bazaar)
 38605 | Elf:2    | Got a brightly glowing glass ring
 38606 | Elf:2    | Identified the ring "Qungoas" {+Fly rPois rC- rN+++} (You
                  | acquired it on level 2 of the Elven Halls)
 39015 | Elf:2    | Found a huge runed translucent gate.
 39015 | Elf:2    | Found a huge runed translucent gate.
 39015 | Elf:2    | Found a huge runed translucent gate.
 39015 | Elf:2    | Found a huge runed translucent gate.
 39015 | Elf:2    | Found a huge runed translucent gate.
 39384 | Elf:3    | Entered Level 3 of the Elven Halls
 39453 | Elf:3    | Found a runed translucent door.
 39455 | Elf:3    | Noticed Mgcat's ghost (adept CeBe)
 40041 | Elf:3    | Identified the +3 battleaxe of Tiluackao {drain, rElec
                  | Dex-5 SInv}
 40044 | Elf:3    | Identified the amulet "Ducvyong" {Harm *Drain rN+}
 40059 | Elf:3    | Reached skill level 20 in Shields
 40231 | Elf:3    | Identified the +6 mace of Discord {holy, rN+ Int+4 Dex+4}
 40244 | Elf:3    | Identified the Tome of Shifting Clay
 40299 | Elf:3    | Identified the +1 rapier of Currency {venom, MR+ Str+2}
 40624 | Elf:3    | Noticed Louise
 40634 | Elf:3    | Killed Louise
 40636 | Elf:3    | Noticed Mara
 40643 | Elf:3    | Killed Mara
 40943 | Depths:1 | Entered Level 1 of the Depths
 41105 | Depths:1 | Reached skill level 21 in Shields
 41116 | Depths:1 | Reached XP level 24. HP: 138/160 MP: 34/39
 41160 | Depths:1 | Found a gateway to Hell.
 41413 | Depths:1 | Found a snail-covered altar of Cheibriados.
 41425 | Depths:1 | Found a one-way gate to the infinite horrors of the Abyss.
 42276 | Depths:2 | Found a runed translucent door.
 42649 | Depths:2 | Reached skill level 22 in Shields
 43331 | Depths:2 | Found a one-way gate leading to the halls of Pandemonium.
 43349 | Depths:2 | Found a gateway to a ziggurat.
 43717 | Depths:3 | Noticed Mennas
 43727 | Depths:3 | Killed Mennas
 43784 | Depths:3 | Found a flickering gateway to a bazaar.
 43789 | Bazaar   | Entered a bazaar
 43797 | Bazaar   | Found Ocaowk's Jewellery Shop.
 43826 | Bazaar   | Found Zessoikk's Book Shop.
 43834 | Bazaar   | Bought a book of Power for 495 gold pieces
 43889 | Depths:3 | Reached skill level 23 in Shields
 44402 | Depths:3 | Found the +8 Wrath of Trog {antimagic, *Rage}
 44456 | Depths:3 | Reached XP level 25. HP: 165/165 MP: 37/39
 45133 | Depths:4 | Reached skill level 24 in Shields
 45523 | Depths:4 | Found a glowing silver altar of Zin.
 46142 | Depths:4 | Found a corrupted altar of Lugonu.
 46700 | Depths:5 | Entered Level 5 of the Depths
 46843 | Depths:5 | Found Irrixiod's Assorted Antiques.
 46878 | Depths:5 | Reached skill level 25 in Shields
 46883 | Depths:5 | Reached skill level 1 in Necromancy
 46889 | Depths:5 | Reached skill level 5 in Necromancy
 47129 | Depths:5 | Found Qoarac's Jewellery Shoppe.
 47213 | Depths:5 | Found Bajitule's Antique Weapon Emporium.
 47213 | Depths:5 | Identified the +10 war axe of Laceration {freeze, Int+2}
 47249 | Depths:5 | Found Ypniwom's Magic Scroll Shop.
 47291 | Depths:5 | Bought a scroll of teleportation for 75 gold pieces
 47291 | Depths:5 | Bought a scroll of blinking for 187 gold pieces
 47291 | Depths:5 | Bought a scroll of teleportation for 75 gold pieces
 47291 | Depths:5 | Bought a scroll of teleportation for 75 gold pieces
 47291 | Depths:5 | Bought a scroll of enchant armour for 187 gold pieces
 47291 | Depths:5 | Bought a scroll of teleportation for 75 gold pieces
 47291 | Depths:5 | Bought a scroll of fog for 50 gold pieces
 47291 | Depths:5 | Bought a scroll of magic mapping for 87 gold pieces
 47391 | Depths:5 | Reached XP level 26. HP: 164/171 MP: 36/39
 47716 | Depths:5 | Found a gate to the Realm of Zot.
 48198 | Crypt:1  | Entered Level 1 of the Crypt
 48278 | Crypt:1  | Reached skill level 10 in Necromancy
 49688 | Crypt:3  | Entered Level 3 of the Crypt
 49743 | Crypt:3  | Found a staircase to the Tomb.
 50082 | Crypt:3  | Reached skill level 15 in Spellcasting
 50454 | Crypt:3  | Found an ancient bone altar of Kikubaaqudgha.
 50460 | Crypt:3  | Found a basalt altar of Yredelemnul.
 50808 | Crypt:3  | Identified the amulet of Vocecil {Gourm Fragile +Blink
                  | rPois MR++} (You found it on level 3 of the Crypt)
 50835 | Crypt:3  | Identified the ring "Fecaa" {rN+ Int+7} (You found it on
                  | level 3 of the Crypt)
 50836 | Crypt:3  | Identified the ring of Johu {rElec rN+} (You found it on
                  | level 3 of the Crypt)
 50837 | Crypt:3  | Identified the ring "Doef Kuni" {+Inv rPois rN+ MR- Str+3
                  | Dex+6} (You found it on level 3 of the Crypt)
 51035 | Vaults:4 | Learned a level 9 spell: Shatter
 51087 | Vaults:5 | Entered Level 5 of the Vaults
 51090 | Vaults:5 | Identified the ring "Mutin" {+Fly rF+ Str-2 Int+7} (You
                  | found it on level 5 of the Vaults)
 51122 | Vaults:5 | Reached XP level 27. HP: 177/177 MP: 34/42
 51565 | Vaults:5 | Identified the +1 arbalest "Grim Tooth" {elec, +Inv Str+3}
 51682 | Vaults:5 | Identified Eteem's Incunabulum of Helpful Lightness
 51748 | Vaults:5 | Got a silver rune of Zot
 51969 | Vaults:5 | Reached skill level 15 in Earth Magic
 52069 | Vaults:5 | Identified the +6 dire flail of Internal Strife {freeze,
                  | Str+4}
 52069 | Vaults:5 | Identified the ring "Umuimicw" {Wiz rN+++ Str+2 Stlth+}
 52089 | Vaults:5 | Identified the ring of Deebyer {rElec rC+ MR- Int+3 SInv}
 52119 | Vaults:5 | Identified the amulet of Xom's Entertainment {Inacc rF+
                  | MP+9} (You found it on level 5 of the Vaults)
 52915 | Vaults:5 | Learned a level 8 spell: Necromutation
 53848 | Hell     | Entered the Vestibule of Hell
 53848 | Hell     | Noticed Geryon
 53875 | Hell     | Killed Geryon
 54528 | Hell     | Found a gateway to the ashen valley of Gehenna.
 54593 | Hell     | Found a gateway to the Iron City of Dis.
 54655 | Hell     | Found a gateway to the freezing wastes of Cocytus.
 54734 | Hell     | Found a gateway to the decaying netherworld of Tartarus.
 54798 | Depths:1 | Voluntarily entered the Abyss.
 55193 | Abyss:1  | Found a corrupted altar of Lugonu.
 55613 | Abyss:1  | Gained mutation: You are occasionally teleported next to
                  | monsters. [a neqoxec]
 55731 | Abyss:2  | Found a corrupted altar of Lugonu.
 55968 | Abyss:3  | Gained mutation: Your system is resistant to poisons.
                  | (rPois) [a neqoxec]
 56023 | Abyss:3  | Gained mutation: Your spells are a little easier to cast,
                  | but a little less powerful. [a neqoxec]
 56164 | Abyss:3  | Gained mutation: You are clumsy. (Dex -2) [a neqoxec]
 56166 | Abyss:3  | Gained mutation: You occasionally shout uncontrollably at
                  | your foes. [a neqoxec]
 56252 | Abyss:3  | Paralysed by you for 6 turns
 56261 | Abyss:3  | Lost mutation: You occasionally shout uncontrollably at
                  | your foes. [potion of mutation]
 56261 | Abyss:3  | Lost mutation: Your spells are a little easier to cast, but
                  | a little less powerful. [potion of mutation]
 56261 | Abyss:3  | Lost mutation: Your system is resistant to poisons. (rPois)
                  | [potion of mutation]
 56261 | Abyss:3  | Gained mutation: You possess an exceptional clarity of
                  | mind. [potion of mutation]
 56261 | Abyss:3  | Gained mutation: Your flesh is cold resistant. (rC+)
                  | [potion of mutation]
 56501 | Abyss:3  | Paralysed by accursed screaming for 1 turns
 56631 | Depths:1 | Escaped the Abyss
 56745 | Depths:2 | Lost mutation: You possess an exceptional clarity of mind.
                  | [potion of mutation]
 56745 | Depths:2 | Lost mutation: You are occasionally teleported next to
                  | monsters. [potion of mutation]
 56745 | Depths:2 | Lost mutation: You are clumsy. (Dex -2) [potion of
                  | mutation]
 56745 | Depths:2 | Gained mutation: You are partially covered in icy blue
                  | scales. (AC +2) [potion of mutation]
 56745 | Depths:2 | Gained mutation: One of your tentacles bears a spike.
                  | [potion of mutation]
 56745 | Depths:2 | Gained mutation: Your flesh is heat resistant. (rF+)
                  | [potion of mutation]
 56745 | Depths:2 | Gained mutation: One of your tentacles bears a nasty spike.
                  | [potion of mutation]
 57275 | Orc:2    | Bought a potion of mutation for 136 gold pieces
 57360 | Elf:3    | Killed Mgcat's ghost
 58152 | Depths:1 | Upgraded the game from 0.24-a0-342-gad4687c37d to
                  | 0.24-a0-347-g1a3e1d35ff
 58179 | Geh:1    | Entered Level 1 of Gehenna
 58515 | Geh:7    | Entered Level 7 of Gehenna
 58847 | Geh:7    | Learned a level 1 spell: Apportation
 59440 | Geh:7    | Identified the +7 sceptre of Asmodeus
 59440 | Geh:7    | Noticed Asmodeus
 59461 | Geh:7    | Killed Asmodeus
 59468 | Geh:7    | Got an obsidian rune of Zot
 59772 | Geh:7    | Reached skill level 15 in Dodging
 60152 | Vaults:5 | Learned a level 5 spell: Borgnjor's Vile Clutch
 60496 | Coc:1    | Entered Level 1 of Cocytus
 61831 | Coc:7    | Entered Level 7 of Cocytus
 62096 | Coc:7    | Noticed Antaeus
 62100 | Coc:7    | HP: 5/234 [Antaeus (48)]
 62100 | Coc:7    | Slain by Antaeus

Levels and vault maps discovered:
D:1:      mrwooster_arrival_statue_2, layout_basic
D:2:      minmay_chambers_of_twos, layout_loops_cross, first_ration,
          hangedman_decor_slide_cut, small_statue_intersection,
          minmay_lizard_king
D:3:      layout_loops_ring, minmay_fractal_squares_5
D:4:      layout_cave_pools, nicolae_qazlal_general_emergency,
          overflow_temple_1_default, minmay_temple_entry_large_hall,
          minmay_crystal_room
D:5:      wander_river, layout_loops_ring, marbit_many_paths,
          minmay_quadrilaterals, uniq_prince_ribbit1, uniq_duvessa,
          uniq_eustachio, uniq_menkaure
D:6:      layout_rooms, serial_shops, shop, hangedman_decor_opposing,
          feat_on_display
D:7:      layout_rooms, led_sif_pool, uniq_crazy_yiuf_cottage, uniq_harold
D:8:      layout_loops_ring, grunt_temple_overflow_lords_of_destruction,
          gammafunk_temple_overflow_arena, serial_park_tiny_1,
          hangedman_little_slice_of_home, minmay_guarded_unrand_finisher,
          uniq_maurice
D:9:      cheibrodos_iron_armory, layout_rooms,
          nicolae_ru_great_annihilating_truth, minmay_misc_feat_room,
          kennysheep_decorative_pillar, fedhas_bush_and_centaur_altar,
          uniq_erolcha
D:10:     layout_layer_cave, tgw_xom
D:11:     minmay_evil_eye, layout_cave_pools, minmay_lair_entry_grove,
          minivault_8, uniq_fannar
D:12:     layout_roguey, orc_0_dummy, serial_shops, shop, enter_bailey_2,
          billiards_dpeg
D:13:     gammafunk_the_bubble [the_bubble_gammafunk_split],
          layout_irregular_city, grunt_vaults_entry_tiered
D:14:     layout_loops_ring, basic_altar, chequers_serial_rivers_marsh,
          kennysheep_kite_vault, uniq_jorgrun
D:15:     grunt_enter_depths_hoard, layout_small_grid, hangedman_decor_growths
Temple:   dshaligram_water_room_temple
Lair:1:   layout_long_grid, small_statue_intersection, pond, grunt_megastairs_4,
          lemuel_fruit_tree
Lair:2:   layout_big_grid, minmay_shoals_entry_beasts, gammafunk_ghost_split,
          grunt_megastairs_3
Lair:3:   layout_small_grid, serial_bayou_pond_b, uniq_urug
Lair:4:   layout_roguey, guppyfry_snake_entry_island,
          nicolae_lair_grove_arrangements
Lair:5:   layout_regular_city, slime_altar_1, minivault_23,
          chequers_serial_rivers_room_b
Lair:6:   minmay_lair_end_enchanted_forest, layout_loops_ring
Shoals:1: layout_shoals
Shoals:2: layout_shoals, yaktaur_hedge, uniq_ilsuiw
Shoals:3: layout_shoals
Shoals:4: shoals_end_grunt_ice, layout_shoals, nicolae_shoals_this_corrosion,
          uniq_donald, uniq_roxanne, uniq_polyphemus
Snake:1:  kennysheep_snake, layout_rooms, gammafunk_ghost_split,
          guppyfry_library_mini, uniq_aizul
Snake:2:  layout_basic, uniq_vashnia
Snake:3:  layout_rooms, basic_altar, nicolae_snake_horde_hoard
Snake:4:  grunt_snake_rune_spirals, layout_onion, guppyfry_snake_island,
          minmay_shop_grove, uniq_nikola
Orc:1:    layout_caves
Orc:2:    grunt_orc_cross, layout_diamond_mine, basic_altar,
          lightli_orcish_oven, uniq_snorg
Elf:1:    minmay_elf_arrival_plus, layout_geoelf_octagon, serial_shops,
          nicolae_shop_behind_doors, minivault_28
Elf:2:    layout_onion_city, serial_shops, bzr_in_the_mist
Elf:3:    nooodl_elf_gasket, layout_geoelf_diagonals, gammafunk_ghost_grave,
          uniq_mara, uniq_louise
Vaults:1: vaults_mumra_chevron, vaults_room_grunt_arrival_ludios,
          vaults_room_fours, v_pattern_1, layout_vaults_omnigrid,
          uniq_saint_roka
Vaults:2: ebering_vaults_ghost_reflecting_pool, hangedman_vaults_stagger,
          v_misc_17, nicolae_vaults_little_squares_1,
          nicolae_vaults_big_angled_halls, vaults_room_large_hall,
          ontoclasm_vaults_ring_square, vaults_room_hangedman_quadrants,
          v_pattern_3, nicolae_vaults_circle_grid_a, hangedman_vaults_locks,
          nicolae_vaults_network_quinsquares
          [nicolae_vaults_network_quincunx_subvault,
          nicolae_vaults_network_quincunx_subvault,
          nicolae_vaults_network_quincunx_subvault,
          nicolae_vaults_network_quincunx_subvault],
          nicolae_vaults_yaktaur_gun_rack, v_misc_22, ontoclasm_vaults_twist,
          ontoclasm_vaults_loading_screen, layout_vaults_maze, serial_shops,
          shop
Vaults:3: vaults_mumra_hexcomb, minmay_crypt_entry_vampire_xt, st_eye,
          ontoclasm_vaults_eye, nicolae_vaults_asterisk, v_rooms_5,
          nicolae_vaults_sealed_display, nicolae_vaults_little_squares_6,
          nicolae_vaults_ninety_degrees, vaults_room_pool, vaults_dpeg_hooks,
          vaults_room_door_hall, layout_vaults_omnicross
Vaults:4: ontoclasm_vaults_gateway, hangedman_vaults_snaps, v_alt_pattern_3,
          hangedman_vaults_maws, nicolae_vaults_shelves_hall,
          nicolae_vaults_diagonal_hallway_6, dpeg_vaults_monster_box,
          nicolae_vaults_little_squares_1, v_misc_8, hangedman_vaults_slice,
          layout_vaults_chaotic_city, uniq_xtahua
Vaults:5
Crypt:1:  layout_regular_city, grunt_crypt_arrival_split
Crypt:2:  layout_rooms, grunt_ministairs_8, st_stairs_12
Crypt:3:  lightli_unholy_cathedral, layout_chaotic_city,
          nicolae_tomb_entry_unfolded_pyramid_diagonal
Depths:1: layout_cave_pools, kennysheep_cross_room, hangedman_coc_ice_floe,
          abyss_entry, cheibriados_altar_1, grunt_megastairs_2
Depths:2: box_level_dp, hell_entry, pan_entry
Depths:3: minmay_the_grid_octo_tiled_squarecenter [minmay_the_grid_octo_horde,
          minmay_the_grid_octo_chip, minmay_the_grid_octo_concentric,
          minmay_the_grid_octo_checkered,
          minmay_the_grid_square_5x5_megaprize_hollow,
          minmay_the_grid_square_5x5_shrine2, minmay_the_grid_square_5x5_slash,
          minmay_the_grid_square_5x5_six_small,
          minmay_the_grid_square_5x5_shrine1], layout_honeycomb,
          rand_demon_pan_entry_1, hell_entry, serial_shops, bzr_entry_dummy,
          minmay_fountain_box, minmay_guarded_unrand_wrath_of_trog, uniq_mennas
Depths:4: evilmike_silver_temple, layout_cave_pools, pf_hell_entry_tar_river,
          abyss_entry_flame_altar, hex_medium, infiniplex_staircase_door_maze
Depths:5: grunt_zot_entry_hairpin, layout_basic, minmay_misc_feat_x,
          serial_shops, shop, nicolae_shop_crystal, shop, nicolae_shop_stone,
          lightli_too_deep, serial_bayou_shore_b
Hell
Geh:1:    layout_gehenna_pools_basic, hangedman_gehenna_grave_pits
Geh:2:    layout_gehenna_lava_caves
Geh:3:    layout_gehenna_pools_box, lemuel_old_faithful
Geh:4:    layout_gehenna_pools_triple
Geh:5:    layout_gehenna_lava_caves, evilmike_ambush
          [evilmike_ambush_outer_basic, evilmike_ambush_inner_basic]
Geh:6:    layout_gehenna_pools_basic, lemuel_hellish_altar
Geh:7:    geh_old
Coc:1:    layout_ice_bergs
Coc:2:    layout_ice_bergs
Coc:3:    layout_cocytus_water_paths
Coc:4:    layout_ice_bergs
Coc:5:    layout_ice_bergs
Coc:6:    layout_cocytus_water_paths
Coc:7:    coc_hangedman

Skill      XL: |  1  2  3  4  5  6  7  8  9 10 11 12 13 14 15 16 17 18 19 20 21 22 23 24 25 26 27 |
---------------+----------------------------------------------------------------------------------+-----
Transmutations | 3 4 7 9 10 14 | 14.0
Spellcasting   | 3 5 6 8 10 12 15 16 | 16.0
Fighting       | 4 6 8 10 12 13 | 13.5
Dodging        | 6 8 9 10 20 | 20.1
Unarmed Combat | 6 7 8 9 10 11 14 17 20 | 20.0
Invocations    | 5 6 7 10 | 10.0
Shields        | 8 11 15 19 21 23 25 | 25.0
Translocations | 1 8 13 15 16 | 16.0
Earth Magic    | 10 20 | 20.0
Necromancy     | 8 10 14 | 14.0

Action                   |  1- 3 |  4- 6 |  7- 9 | 10-12 | 13-15 | 16-18 | 19-21 | 22-24 | 25-27 || total
-------------------------+-------+-------+-------+-------+-------+-------+-------+-------+-------++-------
Melee: Unarmed           |    74 |    84 |   155 |   374 |   759 |   729 |   788 |   860 |  2925 ||  6748
       Constrict         |    15 |    23 |    40 |    73 |   138 |    92 |   127 |   128 |   442 ||  1078
       Tentacles         |    11 |    13 |    25 |   100 |   238 |   242 |   256 |   234 |   963 ||  2082
       Punch             |     2 |     1 |    10 |    38 |    84 |    93 |   150 |   194 |   767 ||  1339
       Kick              |       |     7 |       |       |       |       |       |       |   713 ||   720
Throw: Throwing net      |       |       |       |     1 |     2 |       |       |       |       ||     3
 Cast: Beastly Appendage |     3 |     4 |       |       |       |       |       |       |       ||     7
       Spider Form       |       |     1 |       |       |       |     1 |       |       |       ||     2
       Blade Hands       |       |       |    17 |    58 |    96 |     3 |       |       |       ||   174
       Sticks to Snakes  |       |       |       |     2 |       |     2 |     3 |       |       ||     7
       Ice Form          |       |       |       |       |     6 |       |       |       |       ||     6
       Lesser Beckoning  |       |       |       |       |    12 |   113 |   127 |   102 |   257 ||   611
       Statue Form       |       |       |       |       |    12 |    94 |    90 |    97 |   202 ||   495
       Regeneration      |       |       |       |       |       |     4 |     6 |     3 |    57 ||    70
       Controlled Blink  |       |       |       |       |       |     1 |     2 |     2 |     7 ||    12
       Shatter           |       |       |       |       |       |       |       |       |     6 ||     6
       Apportation       |       |       |       |       |       |       |       |       |     1 ||     1
Invok: Slouch            |       |       |       |       |     6 |    13 |     9 |     2 |    23 ||    53
 Abil: End Transformatio |       |       |       |     1 |     3 |       |       |       |       ||     4
  Use: Scroll            |     3 |     5 |     6 |    20 |    12 |    12 |     5 |     7 |    14 ||    84
       Potion            |       |     4 |     1 |     3 |    10 |     3 |     3 |     1 |    11 ||    36
 Stab: Sleeping          |     4 |     4 |     2 |    13 |     6 |     1 |     2 |     6 |     6 ||    44
       Distracted        |       |       |     1 |     3 |     1 |     1 |       |     3 |     9 ||    18
       Invisible         |       |       |       |       |     2 |       |       |       |       ||     2
  Eat: Chunk             |     3 |     5 |    12 |    22 |    31 |    26 |    19 |    26 |    17 ||   161
       Ration            |       |       |       |       |     1 |     5 |     5 |     2 |    11 ||    24
Armor: Skin              |     2 |     7 |     2 |     4 |    46 |   285 |   173 |   213 |   638 ||  1370
Dodge: Dodged            |    38 |    50 |   120 |   315 |   826 |   698 |   483 |   562 |  1722 ||  4814
Block: Buckler           |       |       |       |    31 |   112 |   338 |       |       |       ||   481
       Reflection        |       |       |       |       |       |    96 |   143 |   195 |   103 ||   537
       Shield            |       |       |       |       |       |   446 |   815 |   941 |   217 ||  2419
       Large shield      |       |       |       |       |       |       |       |       |  4284 ||  4284

Table legend:
 A = Non-vault XP
 B = Vault XP
 C = Vault XP percentage of total XP
 D = Non-vault monster count
 E = Vault monster count
 F = Vault count percentage of total count
                 A         B        C        D         E       F
            +---------+---------+-------+---------+---------+-------
      Total | 1211660 |  842716 |  41.0 |    2303 |    1149 |  33.3
            +---------+---------+-------+---------+---------+-------
        D:1 |      25 |       0 |   0.0 |      14 |       0 |   0.0
        D:2 |      80 |     109 |  57.7 |      16 |      20 |  55.6
        D:3 |     120 |      25 |  17.2 |      18 |       8 |  30.8
        D:4 |     395 |       0 |   0.0 |      21 |       0 |   0.0
        D:5 |     629 |     920 |  59.4 |      21 |       7 |  25.0
        D:6 |     532 |       0 |   0.0 |      20 |       0 |   0.0
        D:7 |     964 |    1033 |  51.7 |      20 |       2 |   9.1
        D:8 |    1417 |    4488 |  76.0 |      33 |      20 |  37.7
        D:9 |    1953 |    1154 |  37.1 |      18 |       6 |  25.0
       D:10 |    3083 |       9 |   0.3 |      22 |       5 |  18.5
       D:11 |    4191 |    4686 |  52.8 |      39 |      23 |  37.1
       D:12 |    5762 |    1474 |  20.4 |      30 |       3 |   9.1
       D:13 |    7544 |   13930 |  64.9 |      42 |      40 |  48.8
       D:14 |    6904 |    7676 |  52.6 |      17 |      17 |  50.0
       D:15 |   12826 |    2102 |  14.1 |      36 |       2 |   5.3
     Lair:1 |    2678 |    1770 |  39.8 |      14 |      12 |  46.2
     Lair:2 |    7723 |    4124 |  34.8 |      38 |      10 |  20.8
     Lair:3 |    2662 |     946 |  26.2 |      10 |       2 |  16.7
     Lair:4 |    5392 |     326 |   5.7 |      24 |       2 |   7.7
     Lair:5 |   12549 |       0 |   0.0 |      34 |       0 |   0.0
     Lair:6 |   14622 |    8435 |  36.6 |      49 |      49 |  50.0
   Shoals:1 |   13656 |       0 |   0.0 |      31 |       0 |   0.0
   Shoals:2 |   10187 |    3920 |  27.8 |      22 |       6 |  21.4
   Shoals:3 |   10107 |    3122 |  23.6 |      19 |       2 |   9.5
   Shoals:4 |    8348 |   31373 |  79.0 |      15 |      38 |  71.7
    Snake:1 |   18917 |   28669 |  60.2 |      38 |      51 |  57.3
    Snake:2 |   15882 |    8296 |  34.3 |      23 |       5 |  17.9
    Snake:3 |   18869 |   11378 |  37.6 |      31 |      24 |  43.6
    Snake:4 |   26997 |   49523 |  64.7 |      47 |      87 |  64.9
      Orc:1 |    2095 |       0 |   0.0 |      35 |       0 |   0.0
      Orc:2 |     732 |    9797 |  93.0 |      10 |      43 |  81.1
      Elf:1 |    6235 |    8322 |  57.2 |      13 |      14 |  51.9
      Elf:2 |   15190 |   23481 |  60.7 |      25 |      30 |  54.5
      Elf:3 |   11306 |   61847 |  84.5 |      18 |      39 |  68.4
   Vaults:1 |   33788 |   21665 |  39.1 |      57 |      39 |  40.6
   Vaults:2 |   24862 |   22251 |  47.2 |      46 |      36 |  43.9
   Vaults:3 |   44739 |   45268 |  50.3 |      73 |      54 |  42.5
   Vaults:4 |   58326 |   12059 |  17.1 |      94 |      13 |  12.1
   Vaults:5 |   40516 |  132832 |  76.6 |      54 |      95 |  63.8
    Crypt:1 |   23482 |       0 |   0.0 |      43 |       0 |   0.0
    Crypt:2 |   32859 |    4231 |  11.4 |      45 |       4 |   8.2
    Crypt:3 |   24685 |   44216 |  64.2 |      41 |      45 |  52.3
   Depths:1 |   32143 |    5408 |  14.4 |      40 |      13 |  24.5
   Depths:2 |   13715 |   62524 |  82.0 |      19 |      68 |  78.2
   Depths:3 |   32823 |   32999 |  50.1 |      42 |      26 |  38.2
   Depths:4 |   38321 |   20432 |  34.8 |      36 |      18 |  33.3
   Depths:5 |   59079 |   23170 |  28.2 |      51 |      19 |  27.1
       Hell |   26931 |   20667 |  43.4 |      35 |      31 |  47.0
      Geh:1 |   18228 |       0 |   0.0 |      31 |       0 |   0.0
      Geh:3 |   25331 |       0 |   0.0 |      48 |       0 |   0.0
      Geh:4 |     725 |       0 |   0.0 |       1 |       0 |   0.0
      Geh:5 |    8446 |   12306 |  59.3 |      22 |      24 |  52.2
      Geh:6 |    6201 |       0 |   0.0 |       9 |       0 |   0.0
      Geh:7 |  116121 |   48356 |  29.4 |     172 |      40 |  18.9
      Coc:1 |   18515 |       0 |   0.0 |      44 |       0 |   0.0
      Coc:2 |   13109 |       0 |   0.0 |      29 |       0 |   0.0
      Coc:3 |   59339 |       0 |   0.0 |      65 |       0 |   0.0
      Coc:4 |   31534 |       0 |   0.0 |      49 |       0 |   0.0
      Coc:5 |       1 |       0 |   0.0 |       1 |       0 |   0.0
      Coc:6 |   23429 |       0 |   0.0 |      42 |       0 |   0.0
      Coc:7 |   44585 |   29091 |  39.5 |      49 |      40 |  44.9
    Abyss:1 |   43462 |     941 |   2.1 |      75 |       2 |   2.6
    Abyss:3 |   65793 |    5328 |   7.5 |     127 |       5 |   3.8
     Bailey |       0 |    6037 | 100.0 |       0 |      10 | 100.0
            +---------+---------+-------+---------+---------+-------
